 Dungeon Crawl Stone Soup version 0.25-a0-1024-gbfbf38f2cb (webtiles) character file.

Game seed: 11598852982377260576, levelgen mode: deterministic

394 Flugslaktarn the Chopper (level 6, -7/43 HPs)
             Began as an Octopode Fighter on May 12, 2020.
             Mangled by an ogre
             ... wielding a +0 giant club
              (23 damage)
             ... on level 4 of the Dungeon.
             The game lasted 00:02:09 (3573 turns).

Flugslaktarn the Chopper (Octopode Fighter)         Turns: 3573, Time: 00:02:10

Health: -7/43      AC:  1    Str: 16    XL:     6   Next: 81%
Magic:  6/6        EV: 13    Int: 10    God:
Gold:   127        SH: 10    Dex: 13    Spells: 5/5 levels left

rFire    . . .     SeeInvis .   a - +0 war axe
rCold    . . .     Gourm    .   b - +1 kite shield
rNeg     + . .     Faith    .   (helmet restricted)
rPois    .         Spirit   .   n - amulet of the acrobat
rElec    .         Reflect  .   h - ring of positive energy
rCorr    .         Harm     .   (no ring)
MR       .....                  (no ring)
Stlth    ++........             (no ring)
HPRegen  0.14/turn              (no ring)
MPRegen  0.10/turn              (no ring)
                                (no ring)
                                (no ring)

@: no status effects
A: almost no armour, stealthy swim, amphibious, 8 rings, constrict 8, camouflage
1, gelatinous body 1
a: no special abilities


You were on level 4 of the Dungeon.
You were not hungry.

You visited 1 branch of the dungeon, and saw 4 of its levels.

You collected 127 gold pieces.

Inventory:

Hand Weapons
 a - a +0 war axe (weapon)
Armour
 b - a +1 kite shield (worn)
Jewellery
 h - a ring of positive energy (left tentacle)
   (You found it on level 1 of the Dungeon)
 n - an amulet of the acrobat (around mantle)
   (You found it on level 3 of the Dungeon)
 o - an uncursed ring of fire
   (You found it on level 3 of the Dungeon)
Scrolls
 g - a scroll of magic mapping {unknown}
 j - 2 scrolls of fear
Potions
 c - a potion of flight
 d - 2 potions of might
 i - 2 potions of ambrosia
 q - 2 potions of curing
 s - a potion of brilliance {unknown}
 t - 3 potions of invisibility {unknown}
 u - a potion of degeneration {unknown}
Comestibles
 e - 5 rations
 f - 2 chunks of flesh


   Skills:
 + Level 4.2 Fighting
 * Level 4.7 Axes
 + Level 4.2 Dodging
 + Level 4.2 Shields


You had 5 spell levels left.
You didn't know any spells.
Your spell library was empty.

Dungeon Overview and Level Annotations

Branches:
Dungeon (4/15)
 Temple: D:4-7

Altars:


Innate Abilities, Weirdness & Mutations

You cannot wear most types of armour.
You are very stealthy in the water. (Stealth+)
You are amphibious.
You can wear up to eight rings at the same time.
You can use your tentacles to constrict eight enemies at once.
Your skin changes colour to match your surroundings (Stealth+).
Your rubbery body absorbs attacks. (AC +1, EV +1)


Message History

You barely miss the ogre. The ogre hits you with a +0 giant club!
You hit the ogre but do no damage. The ogre closely misses you.
You barely miss the ogre. The ogre hits you with a +0 giant club!
You slash the ogre!
The ogre is moderately wounded.
The ogre hits you with a +0 giant club!
You slash the ogre!
The ogre is severely wounded.
The ogre closely misses you.
You barely miss the ogre.
The ogre is severely wounded.
The ogre closely misses you.
You barely miss the ogre.
The ogre is severely wounded.
The ogre barely misses you.
You hit the ogre.
The ogre is severely wounded.
The ogre hits you with a +0 giant club!!
Ouch! That really hurt!
You die...

#### #############
...#####...........#
...##..............#####.#
................@O........
..............#...........
..............#..........#
...........).......#######
...........)...#...#
รท..............#...#
...............#.....
.#####.........#.....
.#........#...........


You could see an ogre.

Vanquished Creatures
  A crimson imp (D:3)
  An orc priest (D:3)
  A hound (D:4)
  Natasha (thrice) (D:2)
  3 orc wizards
  5 adders
  An ooze (D:2)
  A worm (D:3)
  3 dart slugs
  3 leopard geckos
  9 orcs
  2 ball pythons
  3 giant cockroaches
  8 goblins
  5 hobgoblins (D:1)
  10 jackals
  A quokka (D:3)
  A ball python skeleton (D:4)
  4 bats
  3 frilled lizards
  4 kobolds
  10 rats
82 creatures vanquished.

Notes
Turn   | Place    | Note
-------+----------+-------------------------------------------
     0 | D:1      | Flugslaktarn the Octopode Fighter began the quest for the
                  | Orb.
     0 | D:1      | Reached XP level 1. HP: 16/16 MP: 1/1
    90 | D:1      | Reached XP level 2. HP: 21/21 MP: 2/2
   446 | D:1      | Reached XP level 3. HP: 26/26 MP: 3/3
  1011 | D:2      | Reached XP level 4. HP: 28/31 MP: 4/4
  1306 | D:2      | Noticed Natasha
  1312 | D:2      | Killed Natasha
  1565 | D:2      | Noticed Natasha
  1569 | D:2      | Killed Natasha
  1569 | D:2      | Reached XP level 5. HP: 36/36 MP: 5/5
  1821 | D:2      | Noticed Natasha
  1826 | D:2      | Killed Natasha
  2398 | D:3      | Reached XP level 6. HP: 31/43 MP: 6/6
  3062 | D:4      | Noticed a phantom
  3573 | D:4      | Mangled by an ogre

Illustrated notes

Levels and vault maps discovered:
D:1:      sevenhm_arrival_forest_fort_small_4, layout_loops_ring,
          grunt_decor_resistance
D:2:      layout_loops_cross, uniq_natasha
D:3:      wander_river, layout_loops_cross, first_ration
D:4:      layout_basic, hangedman_decor_growths, uniq_edmund

Skill      XL: |  1  2  3  4  5  6 |
---------------+-------------------+-----
Axes           | 3 4 |  4.7
Shields        | 4 |  4.2
Dodging        | 4 |  4.2
Fighting       | 4 |  4.2

Action                   |  1- 3 |  4- 6 || total
-------------------------+-------+-------++-------
Melee: War axe           |    53 |   110 ||   163
       Constrict         |    15 |    31 ||    46
       Tentacles         |     7 |    20 ||    27
  Use: Scroll            |       |    10 ||    10
 Stab: Sleeping          |     6 |     8 ||    14
  Eat: Chunk             |       |     6 ||     6
       Ration            |       |     1 ||     1
Armor: Skin              |     1 |     5 ||     6
Dodge: Dodged            |    21 |    50 ||    71
Block: Kite shield       |    18 |    51 ||    69

Table legend:
 A = Non-vault XP
 B = Vault XP
 C = Vault XP percentage of total XP
 D = Non-vault monster count
 E = Vault monster count
 F = Vault count percentage of total count
                 A         B        C        D         E       F
            +---------+---------+-------+---------+---------+-------
      Total |     528 |      35 |   6.2 |      81 |       1 |   1.2
            +---------+---------+-------+---------+---------+-------
        D:1 |      39 |       0 |   0.0 |      22 |       0 |   0.0
        D:2 |     155 |      35 |  18.4 |      26 |       1 |   3.7
        D:3 |     175 |       0 |   0.0 |      20 |       0 |   0.0
        D:4 |     159 |       0 |   0.0 |      13 |       0 |   0.0
            +---------+---------+-------+---------+---------+-------
